 Dungeon Crawl Stone Soup version 0.28.0-53-g5a82cb258f (webtiles) character file.

Game seed: 14506742766526730877

149 Sin92 the Skirmisher (level 5, -12/42 HPs)
             Began as a Demonspawn Fighter on Aug 1, 2022.
             Mangled by an ogre
             ... wielding a +0 giant club
              (28 damage)
             ... on level 4 of the Dungeon.
             The game lasted 00:04:32 (2558 turns).

Sin92 the Skirmisher (Demonspawn Fighter)           Turns: 2558, Time: 00:04:32

Health: -12/42     AC:  6    Str: 18    XL:     5   Next: 9%
Magic:  5/5        EV:  9    Int: 11    God:
Gold:   132        SH:  9    Dex: 13    Spells: 4/4 levels left

rFire   . . .      SeeInvis .   a - +0 war axe
rCold   . . .      Faith    .   c - +0 buckler
rNeg    . . .      Spirit   .   b - +0 scale mail
rPois   .          Reflect  .   (no helmet)
rElec   .          Harm     .   (no cloak)
rCorr   .          Rampage  .   (no gloves)
Will    +....                   (no boots)
Stlth   ..........              (no amulet)
HPRegen 0.14/turn               e - ring of willpower
MPRegen 0.09/turn               (no ring)

@: no status effects
A: big brain 1, condensation shield, demonic touch 1
a: no special abilities


You were on level 4 of the Dungeon.
You visited 1 branch of the dungeon, and saw 4 of its levels.

You collected 132 gold pieces.

Inventory:

Hand Weapons
 a - a +0 war axe (weapon)
Armour
 b - a +0 scale mail (worn)
 c - a +0 buckler (worn)
Jewellery
 e - a ring of willpower (left hand)
Scrolls
 f - a scroll of teleportation
 k - a scroll of enchant armour
Potions
 d - a potion of might
 l - a potion of curing {unknown}
 m - a potion of magic {unknown}


   Skills:
 + Level 3.6 Fighting
 * Level 3.3 Axes
 + Level 3.3 Armour
 + Level 3.3 Shields


You had 4 spell levels left.
You didn't know any spells.
Your spell library contained the following spells:

 Spells                   Type           Power      Damage    Failure   Level
 Static Discharge         Conj/Air       0%         N/A       91%         2
 Lightning Bolt           Conj/Air       0%         1d11      100%        5
 Maxwell's Capacitive Co  Air            0%         ∞         100%        8


Dungeon Overview and Level Annotations

Branches:
Dungeon (3/15)

Altars:
Uskayaw
Zin


Innate Abilities, Weirdness & Mutations

You have an unusually large brain. (Int +2)
A meltable shield of frost defends you. (SH +4)
Your touch may inflict minor irresistible damage on your foes.


Message History

Found 13 stones.
An adder comes into view.
An adder is nearby!
You block the adder's attack.
An adder is nearby!
You hit the adder.
The adder is heavily wounded.
You block the adder's attack. The adder closely misses you.
An adder is nearby!
You slash the adder!
You kill the adder!
You see here an adder corpse.
An ogre comes into view. It is wielding a +0 giant club.
Found a stone staircase leading up.
The ogre shouts!
Found a stone staircase leading up.
An ogre is nearby!
An ogre is nearby!
The ogre barely misses you.
An ogre is nearby!
You hit the ogre.
The ogre is lightly wounded.
The ogre barely misses you.
An ogre is nearby!
You hit the ogre.
The ogre is lightly wounded.
The ogre hits you with a +0 giant club!!
Ouch! That really hurt!
You are too injured to fight recklessly!
An ogre is nearby!
You are too injured to fight recklessly!
Unknown command.
You are too injured to fight recklessly!
Unknown command.
You are too injured to fight recklessly!
You hit the ogre.
The ogre is moderately wounded.
The ogre hits you with a +0 giant club!!
Ouch! That really hurt!
You die...

######### #.......#
.# #.......# .#
#.......# ##.##
#.......# #...#
#.......# ###...###
#....(..# ##.......#
#.......# #....<...#
####.#### #...@O...#
#.######.##..<###
######........##...#
........####..######
#.##.....†....#
#......##.##
....##.#.##.# #.##.
#.#.##.# # #.
........


You could see an ogre.

Vanquished Creatures
  A scorpion (D:4)
  Terence (D:2)
  3 adders
  A worm (D:2)
  A dart slug (D:1)
  5 ball pythons
  4 bats
  7 endoplasms
  4 goblins (D:1)
  2 hobgoblins (D:1)
  2 frilled lizards
  6 kobolds
  A rat (D:1)
  A spectral goblin (D:1)
39 creatures vanquished.

Notes
Turn   | Place    | Note
-------+----------+-------------------------------------------
     0 | D:1      | Sin92 the Demonspawn Fighter began the quest for the Orb.
     0 | D:1      | Reached XP level 1. HP: 18/18 MP: 1/1
   193 | D:1      | Gained mutation: You have an unusually large brain. (Int
                  | +2) [demonic ancestry]
   193 | D:1      | Reached XP level 2. HP: 24/24 MP: 2/2
   400 | D:1      | Found a faded altar of an unknown god.
  1064 | D:2      | Gained mutation: Your touch may inflict minor irresistible
                  | damage on your foes. [demonic ancestry]
  1064 | D:2      | Reached XP level 3. HP: 10/29 MP: 3/3
  1617 | D:2      | Noticed Terence
  1630 | D:2      | Killed Terence
  1631 | D:2      | Gained mutation: A meltable shield of frost defends you.
                  | (SH +4) [demonic ancestry]
  1631 | D:2      | Reached XP level 4. HP: 19/35 MP: 4/4
  2212 | D:3      | Found a hide-covered altar of Uskayaw.
  2223 | D:3      | You fall into a shaft and drop 1 floor!
  2310 | D:4      | Noticed a scorpion
  2319 | D:4      | Killed a scorpion
  2320 | D:4      | Reached XP level 5. HP: 27/42 MP: 5/5
  2552 | D:4      | Noticed an ogre
  2558 | D:4      | Mangled by an ogre

Illustrated notes

Levels and vault maps discovered:
D:1:      elethiomel_arrival_shortcut, layout_loops_ring,
          dreamdust_ecumenical_altar_drowned_temple, minmay_domino_2
D:2:      layout_basic, basic_altar, uniq_terence
D:3:      layout_loops_ring, mainiacjoe_overflow_six_doors_small,
          mainiacjoe_overflow_catwalk, uniq_jessica
D:4:      layout_loops_cross, mainiacjoe_overflow_alcove_4,
          minmay_misc_feat_cross

Skill      XL: |  1  2  3  4 |
---------------+-------------+-----
Axes           | 2 3 |  3.3
Armour         | 3 |  3.3
Shields        | 3 |  3.3
Fighting       | |  3.6

Action                   |  1- 3 |  4- 6 || total
-------------------------+-------+-------++-------
Melee: War axe           |   100 |    30 ||   130
  Use: Scroll            |       |     5 ||     5
       Potion            |       |     1 ||     1
Armor: Scale mail        |    53 |    12 ||    65
Dodge: Dodged            |    42 |    19 ||    61
Block: Buckler           |    18 |    16 ||    34
